%YAML 1.1
%TAG !u! tag:unity3d.com,2011:
--- !u!65 &7927713218106176667
BoxCollider:
  m_ObjectHideFlags: 0
  m_CorrespondingSourceObject: {fileID: 0}
  m_PrefabInstance: {fileID: 0}
  m_PrefabAsset: {fileID: 0}
  m_GameObject: {fileID: 3802609690391834683}
  m_Material: {fileID: 0}
  m_IsTrigger: 0
  m_Enabled: 1
  serializedVersion: 2
  m_Size: {x: 1.006698, y: 1.3382738, z: 2.3170347}
  m_Center: {x: -1.3944309, y: 1.049137, z: 1.4864826}
--- !u!1 &6631207368796769541
GameObject:
  m_ObjectHideFlags: 0
  m_CorrespondingSourceObject: {fileID: 0}
  m_PrefabInstance: {fileID: 0}
  m_PrefabAsset: {fileID: 0}
  serializedVersion: 6
  m_Component:
  - component: {fileID: 7682873886800128280}
  m_Layer: 7
  m_Name: Icon Anchor
  m_TagString: Untagged
  m_Icon: {fileID: 0}
  m_NavMeshLayer: 0
  m_StaticEditorFlags: 0
  m_IsActive: 1
--- !u!4 &7682873886800128280
Transform:
  m_ObjectHideFlags: 0
  m_CorrespondingSourceObject: {fileID: 0}
  m_PrefabInstance: {fileID: 0}
  m_PrefabAsset: {fileID: 0}
  m_GameObject: {fileID: 6631207368796769541}
  m_LocalRotation: {x: -0, y: -0, z: -0, w: 1}
  m_LocalPosition: {x: -1.154, y: 1, z: 1.703}
  m_LocalScale: {x: 1, y: 1, z: 1}
  m_Children:
  - {fileID: 4445379688640154553}
  m_Father: {fileID: 8868934788433129157}
  m_RootOrder: 0
  m_LocalEulerAnglesHint: {x: 0, y: 0, z: 0}
--- !u!1 &8868934788433129152
GameObject:
  m_ObjectHideFlags: 0
  m_CorrespondingSourceObject: {fileID: 0}
  m_PrefabInstance: {fileID: 0}
  m_PrefabAsset: {fileID: 0}
  serializedVersion: 6
  m_Component:
  - component: {fileID: 8868934788433129157}
  - component: {fileID: 8868934788433129158}
  - component: {fileID: 8681039630442036975}
  - component: {fileID: -4577050385832930242}
  - component: {fileID: 4508033241461069920}
  m_Layer: 7
  m_Name: 2ArmorFL-Pipes
  m_TagString: Untagged
  m_Icon: {fileID: 0}
  m_NavMeshLayer: 0
  m_StaticEditorFlags: 0
  m_IsActive: 1
--- !u!4 &8868934788433129157
Transform:
  m_ObjectHideFlags: 0
  m_CorrespondingSourceObject: {fileID: 0}
  m_PrefabInstance: {fileID: 0}
  m_PrefabAsset: {fileID: 0}
  m_GameObject: {fileID: 8868934788433129152}
  m_LocalRotation: {x: 0, y: 0, z: 0, w: 1}
  m_LocalPosition: {x: 0, y: 0, z: 0}
  m_LocalScale: {x: 0.5, y: 0.5, z: 0.5}
  m_Children:
  - {fileID: 7682873886800128280}
  - {fileID: 4579674774048025217}
  m_Father: {fileID: 0}
  m_RootOrder: 0
  m_LocalEulerAnglesHint: {x: 0, y: 0, z: 0}
--- !u!54 &8868934788433129158
Rigidbody:
  m_ObjectHideFlags: 0
  m_CorrespondingSourceObject: {fileID: 0}
  m_PrefabInstance: {fileID: 0}
  m_PrefabAsset: {fileID: 0}
  m_GameObject: {fileID: 8868934788433129152}
  serializedVersion: 2
  m_Mass: 1
  m_Drag: 0
  m_AngularDrag: 0.05
  m_UseGravity: 1
  m_IsKinematic: 0
  m_Interpolate: 0
  m_Constraints: 0
  m_CollisionDetection: 3
--- !u!114 &8681039630442036975
MonoBehaviour:
  m_ObjectHideFlags: 0
  m_CorrespondingSourceObject: {fileID: 0}
  m_PrefabInstance: {fileID: 0}
  m_PrefabAsset: {fileID: 0}
  m_GameObject: {fileID: 8868934788433129152}
  m_Enabled: 1
  m_EditorHideFlags: 0
  m_Script: {fileID: 11500000, guid: ddcce2fa3c7b7f94ab85f17aeb7d73f8, type: 3}
  m_Name: 
  m_EditorClassIdentifier: 
  rigid: {fileID: 0}
  type: 3
  value: 3
  detachSpeed: 10
  isStealable: 0
  pickupDelay: 0.1
  lastDrop: -10
  pickupReward: 30
  moduleSlot: {fileID: 0}
  addCarHealth: 1
  sfxAttach: {fileID: -4577050385832930242}
  health: 50
  moduleAlternatives:
  - {fileID: 8868934788433129152}
  - {fileID: 8868934788433129152, guid: 801c0354c4426924a96248b5c9ebec52, type: 3}
  - {fileID: 8868934788433129152, guid: b8b69623b23221d489344996c3d220b4, type: 3}
  - {fileID: 8868934788433129152, guid: dda084bc49ed9144594c71383cf715ba, type: 3}
--- !u!114 &-4577050385832930242
MonoBehaviour:
  m_ObjectHideFlags: 0
  m_CorrespondingSourceObject: {fileID: 0}
  m_PrefabInstance: {fileID: 0}
  m_PrefabAsset: {fileID: 0}
  m_GameObject: {fileID: 8868934788433129152}
  m_Enabled: 1
  m_EditorHideFlags: 0
  m_Script: {fileID: 11500000, guid: d24f17c5fd038ad41bc47d36aa766f79, type: 3}
  m_Name: 
  m_EditorClassIdentifier: 
  clips:
  - {fileID: 8300000, guid: b106302c9228a344cba5be7071f23555, type: 3}
  - {fileID: 8300000, guid: 302a2c0d71ab2824687cd7827edb27d0, type: 3}
  - {fileID: 8300000, guid: dda54c92d05f2d34882a43ee2cbb1c49, type: 3}
  - {fileID: 8300000, guid: f33f5c9efc1b7fd41b2b098348a38e7b, type: 3}
  mixer: {fileID: -8601040849197120420, guid: 1cdf8376f2c9b5d4e949e140018900f9, type: 2}
--- !u!114 &4508033241461069920
MonoBehaviour:
  m_ObjectHideFlags: 0
  m_CorrespondingSourceObject: {fileID: 0}
  m_PrefabInstance: {fileID: 0}
  m_PrefabAsset: {fileID: 0}
  m_GameObject: {fileID: 8868934788433129152}
  m_Enabled: 1
  m_EditorHideFlags: 0
  m_Script: {fileID: 11500000, guid: 8236224dad5552f42bd8c1be3217fcec, type: 3}
  m_Name: 
  m_EditorClassIdentifier: 
--- !u!1001 &4036628844848762218
PrefabInstance:
  m_ObjectHideFlags: 0
  serializedVersion: 2
  m_Modification:
    m_TransformParent: {fileID: 8868934788433129157}
    m_Modifications:
    - target: {fileID: -8679921383154817045, guid: cb62c0e1284467540ae208ee6cf5f624, type: 3}
      propertyPath: m_RootOrder
      value: 1
      objectReference: {fileID: 0}
    - target: {fileID: -8679921383154817045, guid: cb62c0e1284467540ae208ee6cf5f624, type: 3}
      propertyPath: m_LocalPosition.x
      value: -0
      objectReference: {fileID: 0}
    - target: {fileID: -8679921383154817045, guid: cb62c0e1284467540ae208ee6cf5f624, type: 3}
      propertyPath: m_LocalPosition.y
      value: 0
      objectReference: {fileID: 0}
    - target: {fileID: -8679921383154817045, guid: cb62c0e1284467540ae208ee6cf5f624, type: 3}
      propertyPath: m_LocalPosition.z
      value: 0
      objectReference: {fileID: 0}
    - target: {fileID: -8679921383154817045, guid: cb62c0e1284467540ae208ee6cf5f624, type: 3}
      propertyPath: m_LocalRotation.w
      value: 1
      objectReference: {fileID: 0}
    - target: {fileID: -8679921383154817045, guid: cb62c0e1284467540ae208ee6cf5f624, type: 3}
      propertyPath: m_LocalRotation.x
      value: 0
      objectReference: {fileID: 0}
    - target: {fileID: -8679921383154817045, guid: cb62c0e1284467540ae208ee6cf5f624, type: 3}
      propertyPath: m_LocalRotation.y
      value: -0
      objectReference: {fileID: 0}
    - target: {fileID: -8679921383154817045, guid: cb62c0e1284467540ae208ee6cf5f624, type: 3}
      propertyPath: m_LocalRotation.z
      value: -0
      objectReference: {fileID: 0}
    - target: {fileID: -8679921383154817045, guid: cb62c0e1284467540ae208ee6cf5f624, type: 3}
      propertyPath: m_LocalEulerAnglesHint.x
      value: 0
      objectReference: {fileID: 0}
    - target: {fileID: -8679921383154817045, guid: cb62c0e1284467540ae208ee6cf5f624, type: 3}
      propertyPath: m_LocalEulerAnglesHint.y
      value: 0
      objectReference: {fileID: 0}
    - target: {fileID: -8679921383154817045, guid: cb62c0e1284467540ae208ee6cf5f624, type: 3}
      propertyPath: m_LocalEulerAnglesHint.z
      value: 0
      objectReference: {fileID: 0}
    - target: {fileID: 919132149155446097, guid: cb62c0e1284467540ae208ee6cf5f624, type: 3}
      propertyPath: m_Name
      value: SM_ArmorFL-Pipes2
      objectReference: {fileID: 0}
    - target: {fileID: 919132149155446097, guid: cb62c0e1284467540ae208ee6cf5f624, type: 3}
      propertyPath: m_Layer
      value: 7
      objectReference: {fileID: 0}
    m_RemovedComponents: []
  m_SourcePrefab: {fileID: 100100000, guid: cb62c0e1284467540ae208ee6cf5f624, type: 3}
--- !u!1 &3802609690391834683 stripped
GameObject:
  m_CorrespondingSourceObject: {fileID: 919132149155446097, guid: cb62c0e1284467540ae208ee6cf5f624, type: 3}
  m_PrefabInstance: {fileID: 4036628844848762218}
  m_PrefabAsset: {fileID: 0}
--- !u!4 &4579674774048025217 stripped
Transform:
  m_CorrespondingSourceObject: {fileID: -8679921383154817045, guid: cb62c0e1284467540ae208ee6cf5f624, type: 3}
  m_PrefabInstance: {fileID: 4036628844848762218}
  m_PrefabAsset: {fileID: 0}
--- !u!1001 &8595812223013659112
PrefabInstance:
  m_ObjectHideFlags: 0
  serializedVersion: 2
  m_Modification:
    m_TransformParent: {fileID: 7682873886800128280}
    m_Modifications:
    - target: {fileID: 127042260363107847, guid: 57d865e8f72b92844949c7cff9007bbc, type: 3}
      propertyPath: height
      value: 3
      objectReference: {fileID: 0}
    - target: {fileID: 1526358780609981353, guid: 57d865e8f72b92844949c7cff9007bbc, type: 3}
      propertyPath: m_Name
      value: ModuleIcon_Gold
      objectReference: {fileID: 0}
    - target: {fileID: 5403014340965214801, guid: 57d865e8f72b92844949c7cff9007bbc, type: 3}
      propertyPath: m_RootOrder
      value: 0
      objectReference: {fileID: 0}
    - target: {fileID: 5403014340965214801, guid: 57d865e8f72b92844949c7cff9007bbc, type: 3}
      propertyPath: m_LocalPosition.x
      value: 0
      objectReference: {fileID: 0}
    - target: {fileID: 5403014340965214801, guid: 57d865e8f72b92844949c7cff9007bbc, type: 3}
      propertyPath: m_LocalPosition.y
      value: 3
      objectReference: {fileID: 0}
    - target: {fileID: 5403014340965214801, guid: 57d865e8f72b92844949c7cff9007bbc, type: 3}
      propertyPath: m_LocalPosition.z
      value: 0
      objectReference: {fileID: 0}
    - target: {fileID: 5403014340965214801, guid: 57d865e8f72b92844949c7cff9007bbc, type: 3}
      propertyPath: m_LocalRotation.w
      value: 1
      objectReference: {fileID: 0}
    - target: {fileID: 5403014340965214801, guid: 57d865e8f72b92844949c7cff9007bbc, type: 3}
      propertyPath: m_LocalRotation.x
      value: -0
      objectReference: {fileID: 0}
    - target: {fileID: 5403014340965214801, guid: 57d865e8f72b92844949c7cff9007bbc, type: 3}
      propertyPath: m_LocalRotation.y
      value: -0
      objectReference: {fileID: 0}
    - target: {fileID: 5403014340965214801, guid: 57d865e8f72b92844949c7cff9007bbc, type: 3}
      propertyPath: m_LocalRotation.z
      value: -0
      objectReference: {fileID: 0}
    - target: {fileID: 5403014340965214801, guid: 57d865e8f72b92844949c7cff9007bbc, type: 3}
      propertyPath: m_LocalEulerAnglesHint.x
      value: 0
      objectReference: {fileID: 0}
    - target: {fileID: 5403014340965214801, guid: 57d865e8f72b92844949c7cff9007bbc, type: 3}
      propertyPath: m_LocalEulerAnglesHint.y
      value: 0
      objectReference: {fileID: 0}
    - target: {fileID: 5403014340965214801, guid: 57d865e8f72b92844949c7cff9007bbc, type: 3}
      propertyPath: m_LocalEulerAnglesHint.z
      value: 0
      objectReference: {fileID: 0}
    m_RemovedComponents: []
  m_SourcePrefab: {fileID: 100100000, guid: 57d865e8f72b92844949c7cff9007bbc, type: 3}
--- !u!4 &4445379688640154553 stripped
Transform:
  m_CorrespondingSourceObject: {fileID: 5403014340965214801, guid: 57d865e8f72b92844949c7cff9007bbc, type: 3}
  m_PrefabInstance: {fileID: 8595812223013659112}
  m_PrefabAsset: {fileID: 0}
